 Dungeon Crawl Stone Soup version 0.28-a0-119-ga52ba8600a (webtiles) character file.

Game seed: 8102546146052779176

5942 Ezendos the Fighter (level 10, -4/76 HPs)
             Began as an Octopode Fighter on Aug 13, 2021.
             Was a Believer of Okawaru.
             Slain by a two-headed ogre (30 damage)
             ... on level 9 of the Dungeon.
             The game lasted 00:24:22 (13992 turns).

Ezendos the Fighter (Octopode Fighter)             Turns: 13992, Time: 00:24:23

Health: -4/76      AC:  1    Str: 16    XL:     10   Next: 83%
Magic:  12/13      EV: 21    Int: 13    God:    Okawaru [**....]
Gold:   477        SH: 12    Dex: 12    Spells: 4/13 levels left

rFire   . . .      SeeInvis .   d - +1 scimitar (flame)
rCold   . . .      Faith    .   b - +0 kite shield
rNeg    + . .      Spirit   .   (helmet restricted)
rPois   .          Reflect  .   (no amulet)
rElec   .          Harm     .   f - +4 ring of evasion
rCorr   .          Rampage  .   l - ring of positive energy
Will    .....                   y - ring of flight
Stlth   +++++.....              (no ring)
HPRegen 0.22/turn               (no ring)
MPRegen 0.13/turn               (no ring)
                                (no ring)
                                (no ring)

@: mighty, heroic, flying
A: almost no armour, amphibious, 8 rings, camouflage 1, gelatinous body 1,
(nimble swimmer 1), tentacles
a: Renounce Religion, Heroism


You were on level 9 of the Dungeon.
You worshipped Okawaru.
Okawaru was pleased with you.
You visited 1 branch of the dungeon, and saw 9 of its levels.

You collected 477 gold pieces.

Inventory:

Hand Weapons
 a - a +1 long sword
 d - a +1 scimitar of flaming (weapon)
 r - a +0 spear
 x - the +5 short sword of the Hills {vorpal, rN+}
   (You took it off an orc priest on level 6 of the Dungeon)

   It inflicts extra damage upon your enemies.
   rN:        It protects you from negative energy.
 z - a +1 whip of electrocution
Missiles
 o - 64 poisoned darts (quivered)
Armour
 b - a +0 kite shield (worn)
 s - a +2 buckler
Magical Staves
 i - a staff of fire
 k - a staff of air
Jewellery
 f - a +4 ring of evasion (left tentacle)
 l - a ring of positive energy (right tentacle)
 y - a ring of flight (on tentacle)
Wands
 g - a wand of polymorph (4)
 t - a wand of mindburst (9)
Scrolls
 e - a scroll of amnesia
 q - 3 scrolls of teleportation
 w - a scroll of identify
 E - a scroll of magic mapping
Potions
 c - 2 potions of might
 h - 2 potions of flight
 j - a potion of magic
 m - 4 potions of ambrosia
 n - a potion of mutation
 p - a potion of lignification
 v - a potion of degeneration {unknown}
 B - a potion of brilliance {unknown}
 C - a potion of cancellation


   Skills:
 * Level 9.9(14.9) Fighting
 + Level 6.8(11.8) Long Blades
 - Level 6.0(11.0) Dodging
 + Level 3.7(8.7) Stealth
 + Level 7.3(12.3) Shields
 - Level 2.0 Spellcasting
 - Level 5.0 Translocations
 + Level 3.4 Invocations


You had 4 spell levels left.
You knew the following spells:

 Your Spells              Type           Power      Damage    Failure   Level
a - Manifold Assault      Tloc           14%        N/A       77%         5
b - Apportation           Tloc           28%        N/A       4%          1
c - Animate Skeleton      Necr           2%         N/A       34%         1
E - Blink                 Tloc           N/A        N/A       7%          2

Your spell library contained the following spells:

 Spells                   Type           Power      Damage    Failure   Level
 Lesser Beckoning         Tloc           7%         N/A       14%         3
 Corona                   Hex            1%         N/A       34%         1
 Summon Small Mammal      Summ           4%         N/A       34%         1
 Static Discharge         Conj/Air       1%         N/A       47%         2
 Lightning Bolt           Conj/Air       0%         1d11      100%        5
 Maxwell's Capacitive Co  Air            0%         ∞         100%        8


Dungeon Overview and Level Annotations

Branches:
Dungeon (9/15)             Temple (0/1) D:7
   Lair: D:8-11         Orc: D:9-12

Altars:
Ashenzari
Okawaru

Annotations:
D:7 3 runed translucent doors, trm's ghost, novice OpCj
D:8 exclusion: steam dragon


Innate Abilities, Weirdness & Mutations

You cannot wear most types of armour.
You are amphibious.
You can wear up to eight rings at the same time.
Your skin changes colour to match your surroundings (Stealth+).
Your rubbery body absorbs attacks. (AC +1, EV +1)
((You are camouflaged near water. (Stealth+)))
You have tentacles for arms and can constrict up to eight enemies at once.


Message History

Throw: 66 darts (poison)
Press: ? - help, Q - select action, (/) - cycle Shift-Dir - straight line, f/p - two-headed ogre
Aim: a two-headed ogre, wielding two +0 giant clubs (lightly wounded, very poisoned, 76% to hit)
You throw a poisoned dart.
The poisoned dart barely misses the two-headed ogre.
Throw: 65 darts (poison)
Press: ? - help, Q - select action, (/) - cycle Shift-Dir - straight line, f/p - two-headed ogre
Aim: a two-headed ogre, wielding two +0 giant clubs (lightly wounded, very poisoned, 76% to hit)
You throw a poisoned dart.
The poisoned dart barely misses the two-headed ogre.
The two-headed ogre looks more healthy.
You gain the combat prowess of a mighty hero.
The two-headed ogre completely misses you.
You block the two-headed ogre's attack.
You hit the two-headed ogre. You burn the two-headed ogre.
The two-headed ogre is moderately wounded.
The two-headed ogre hits you with a +0 giant club!!
You block the two-headed ogre's attack.
You hit the two-headed ogre. You burn the two-headed ogre.
You squeeze the two-headed ogre.
The two-headed ogre is moderately wounded.
You block the two-headed ogre's attack. x2
You feel very mighty all of a sudden.
You barely miss the two-headed ogre.
The two-headed ogre is moderately wounded.
The two-headed ogre hits you with a +0 giant club!!
The two-headed ogre closely misses you.
You closely miss the two-headed ogre.
The two-headed ogre is moderately wounded.
You block the two-headed ogre's attack.
The two-headed ogre completely misses you.
Okay, then.
You slash the two-headed ogre! You burn the two-headed ogre.
The two-headed ogre is severely wounded.
You slash the two-headed ogre! You burn the two-headed ogre.
Your squeeze misses the two-headed ogre.
The two-headed ogre is almost dead.
You block the two-headed ogre's attack.
The two-headed ogre hits you with a +0 giant club!!
You die...

..........................>#.....
................##.#..######.....
................##.#..# #...[[
................##.#..# #.....
((.........#.#####.#..# #.....
##########.#..# #....# #.....
...#######.#..####.##.######.....
........##.#...O...............#.
........##.#..##@.............##.
........##.#...#.#.##.........##.
........##.#..................# .
........##.....>..............#
###[....#######....##.........###
.................................
###.....#######....##............
# #.....######.#...##....##......
######...........##....##......


You could see a two-headed ogre.

Vanquished Creatures
  Erica (D:8)
  Pikel (D:4)
  Joseph (D:7)
  A troll (D:9)
  Prince Ribbit (D:7)
  Sigmund (D:2)
  3 wyverns
  Edmund (D:5)
  2 acid dragons
  A water moccasin (D:6)
  Duvessa (D:5)
  2 orc warriors
  2 sky beasts
  3 ice beasts
  A necrophage (D:7)
  4 ogres
  4 centaurs
  5 bullfrogs
  A kobold brigand (D:8)
  Blork the orc (D:5)
  2 scorpions
  A wyvern skeleton (D:7)
  Dowan (D:5)
  A water moccasin skeleton (D:6)
  A bullfrog zombie (D:6)
  2 hounds
  3 jellies (D:5)
  4 centaur zombies
  A gnoll shaman (D:8)
  3 orc priests
  Crazy Yiuf (D:2)
  Jessica (D:2)
  A centaur skeleton (D:6)
  An iguana (D:6)
  Terence (D:3)
  An orc wizard (D:9)
  A scorpion zombie (D:3)
  A killer bee zombie (D:7)
  A hound skeleton (D:4)
  6 gnolls
  8 adders
  A shadow imp (D:8)
  An ufetubus (D:3)
  An adder skeleton (D:4)
  A worm (D:4)
  2 dart slugs (D:1)
  15 orcs
  9 ball pythons
  3 bats (D:2)
  9 endoplasms
  3 giant cockroaches
  6 goblins
  5 hobgoblins
  10 jackals
  13 kobolds
  3 quokkas
  A frilled lizard (D:3)
  A jackal skeleton (D:4)
  6 rats
169 creatures vanquished.

Vanquished Creatures (others)
  5 fungi (D:2)
5 creatures vanquished.

Grand Total: 174 creatures vanquished

Notes
Turn   | Place    | Note
-------+----------+-------------------------------------------
     0 | D:1      | Ezendos the Octopode Fighter began the quest for the Orb.
     0 | D:1      | Reached XP level 1. HP: 16/16 MP: 1/1
   135 | D:1      | Reached skill level 1 in Stealth
   222 | D:1      | You fall into a shaft and drop 1 floor!
   223 | D:2      | Noticed Jessica
   232 | D:2      | Reached XP level 2. HP: 19/21 MP: 2/2
   246 | D:2      | Killed Jessica
   247 | D:2      | Reached XP level 3. HP: 24/26 MP: 3/3
   569 | D:2      | Reached XP level 4. HP: 25/31 MP: 4/4
  1066 | D:1      | Learned a level 2 spell: Blink
  1464 | D:1      | Found a faded altar of an unknown god.
  1730 | D:2      | Noticed Sigmund
  2103 | D:3      | Noticed Terence
  2108 | D:3      | Killed Terence
  2123 | D:3      | Reached XP level 5. HP: 37/37 MP: 5/5
  2872 | D:3      | Reached skill level 4 in Fighting
  3053 | D:4      | Noticed Pikel
  3053 | D:4      | Noticed a lemure
  3053 | D:4      | Noticed a lemure
  3053 | D:4      | Noticed a lemure
  3053 | D:4      | Noticed a lemure
  3331 | D:4      | Noticed an ogre
  3364 | D:4      | Reached skill level 1 in Translocations
  3569 | D:4      | Noticed an ogre
  3684 | D:3      | Killed an ogre
  3685 | D:3      | Reached skill level 1 in Spellcasting
  3685 | D:3      | Reached XP level 6. HP: 44/44 MP: 7/7
  4031 | D:4      | Killed Pikel
  4032 | D:4      | Reached skill level 5 in Fighting
  4032 | D:4      | Reached XP level 7. HP: 32/50 MP: 8/10
  4185 | D:4      | Learned a level 5 spell: Manifold Assault
  5194 | D:5      | Entered Level 5 of the Dungeon
  5213 | D:5      | Reached XP level 8. HP: 6/57 MP: 11/11
  5724 | D:5      | Noticed Blork the orc
  5741 | D:5      | Killed Blork the orc
  5833 | D:5      | Noticed Duvessa
  5833 | D:5      | Noticed Dowan
  5852 | D:5      | Killed Duvessa
  5853 | D:5      | Reached skill level 6 in Fighting
  5858 | D:5      | Killed Dowan
  6532 | D:5      | Noticed Edmund
  6722 | D:5      | Killed Edmund
  6852 | D:6      | Reached skill level 5 in Dodging
  6852 | D:6      | Reached skill level 5 in Shields
  6937 | D:6      | Learned a level 1 spell: Apportation
  6939 | D:6      | Learned a level 1 spell: Animate Skeleton
  6949 | D:6      | Identified the +5 short sword of the Hills {vorpal, rN+}
  7315 | D:6      | Reached XP level 9. HP: 60/63 MP: 12/12
  7349 | D:6      | Reached skill level 7 in Fighting
  7864 | D:2      | Found an iron altar of Okawaru.
  7875 | D:2      | Became a worshipper of Warmaster Okawaru
  8003 | D:2      | Killed Sigmund
  8170 | D:2      | Found a runed translucent door.
  8171 | D:2      | Noticed Crazy Yiuf
  8178 | D:2      | Killed Crazy Yiuf
  8916 | D:4      | Reached skill level 5 in Long Blades
  8916 | D:4      | Reached skill level 1 in Invocations
  9049 | D:7      | Noticed Joseph
  9069 | D:7      | Killed Joseph
  9487 | D:7      | Found a runed translucent gate.
  9487 | D:7      | Found a runed translucent gate.
  9489 | D:7      | Found a runed translucent gate.
  9514 | D:7      | Identified the +1 robe of the Sacrificial Victim {+Blink
                  | rElec rF+}
  9541 | D:7      | Reached * piety under Okawaru
  9859 | D:7      | Noticed trm's ghost (novice OpCj)
  9947 | D:7      | Reached skill level 8 in Fighting
 10627 | D:7      | Reached skill level 5 in Translocations
 10627 | D:7      | Reached XP level 10. HP: 64/72 MP: 13/13
 10662 | D:7      | Found a staircase to the Ecumenical Temple.
 10791 | D:7      | Noticed Prince Ribbit
 10847 | D:7      | Killed Prince Ribbit
 10912 | D:7      | Reached ** piety under Okawaru
 11726 | D:8      | Reached skill level 9 in Fighting
 11812 | D:8      | Noticed Erica
 11828 | D:8      | Killed Erica
 12425 | D:8      | HP: 3/74 [orc warrior (18)]
 13415 | D:9      | Found a broken altar of Ashenzari.
 13949 | D:9      | Noticed a two-headed ogre
 13992 | D:9      | Slain by a two-headed ogre

Illustrated notes

Levels and vault maps discovered:
D:1:      minmay_arrival_glassed_features, layout_basic,
          ebering_ecumenical_altar_abandoned, amethyst_killhole,
          minmay_heptomino_w4
D:2:      layout_loops_ring, basic_altar, uniq_jessica, uniq_crazy_yiuf_cottage,
          uniq_sigmund
D:3:      layout_basic, chequers_serial_rivers_small_b,
          hangedman_decor_peaks_small, minmay_puff, uniq_terence
D:4:      layout_loops_ring, uniq_pikel
D:5:      layout_loops_ring, uniq_duvessa, uniq_edmund, uniq_blork_the_orc
D:6:      layout_basic
D:7:      layout_basic, minmay_temple_entry_waves, gammafunk_ghost_split,
          uniq_joseph, uniq_prince_ribbit1
D:8:      layout_loops_ring, uniq_erica
D:9:      layout_basic, nicolae_ashenzari_panopticon, erik_lair_dragon

Skill      XL: |  1  2  3  4  5  6  7  8  9 10 |
---------------+-------------------------------+-----
Stealth        | 2 3 |  3.7
Fighting       | 4 5 6 8 9 |  9.9
Translocations | 1 2 3 4 5 |  5.0
Spellcasting   | 1 2 |  2.0
Long Blades    | 3 4 5 6 |  6.8
Dodging        | 4 5 6 |  6.0
Shields        | 4 5 6 7 |  7.3
Invocations    | 3 |  3.4

Action                   |  1- 3 |  4- 6 |  7- 9 | 10-12 || total
-------------------------+-------+-------+-------+-------++-------
Melee: Long sword        |    17 |   112 |   129 |    49 ||   307
       Constrict         |     8 |    32 |    41 |    18 ||    99
       Tentacles         |     6 |    31 |    69 |    24 ||   130
       Spear             |       |    12 |     3 |       ||    15
       Short sword       |       |       |    49 |       ||    49
       Whip              |       |       |    46 |       ||    46
       Scimitar          |       |       |       |    66 ||    66
Throw: Dart              |       |     1 |     4 |    12 ||    17
Invok: Heroism           |       |       |       |     5 ||     5
  Use: Scroll            |       |     5 |     7 |     5 ||    17
       Potion            |       |     2 |     3 |     6 ||    11
 Stab: Sleeping          |     5 |    12 |    12 |     5 ||    34
       Distracted        |       |       |     1 |       ||     1
       Invisible         |       |       |       |     1 ||     1
Armor: Skin              |     2 |     4 |    12 |     3 ||    21
Dodge: Dodged            |     8 |    53 |   137 |    87 ||   285
Block: Kite shield       |     5 |    46 |    27 |    23 ||   101
       Buckler           |       |       |    41 |    28 ||    69
       Rpst.: Long sword |     1 |    14 |    25 |    14 ||    54
       Scimitar          |       |       |       |    10 ||    10

Table legend: (Time is in decaauts)
 A = Elapsed time spent in this place.
 B = Non-inter-level travel time spent in this place.
 C = Inter-level travel time spent in this place.
 D = Time resting spent in this place.
 E = Time spent auto-exploring this place.
 F = Levels seen in this place.
 G = Mean time per level.
                   A        B        C        D        E       F      G
               +--------+--------+--------+--------+--------+-----+--------+
         Total |  14107 |  13115 |    992 |   3876 |   6738 |   9 | 1567.4 |
       Dungeon |  14107 |  13115 |    992 |   3876 |   6738 |   9 | 1567.4 |
               +--------+--------+--------+--------+--------+-----+--------+

Top non-repeatable levels by time:
     D:3: 2446 daAuts
     D:7: 2121 daAuts
     D:5: 1818 daAuts
     D:8: 1671 daAuts
     D:4: 1520 daAuts
     D:1: 1411 daAuts
     D:2: 1117 daAuts
     D:6: 1025 daAuts
     D:9: 973 daAuts
